 Dungeon Crawl Stone Soup version 0.31-a0-819-gf6de2f5ab6 (webtiles) character file.

Game seed: 6309319539698876063

11981 qw the Skirmisher (level 11, 0/72 HPs)
             Began as a Gargoyle Hunter on Sept 23, 2023.
             Was an Elder of Okawaru.
             Slain by a dream sheep (9 damage)
             ... on level 5 of the Lair of Beasts.
             The game lasted 00:03:35 (7705 turns).

qw the Skirmisher (Gargoyle Hunter)                 Turns: 7705, Time: 00:03:36

Health: 0/72       AC: 19    Str: 20    XL:     11   Next: 86%
Magic:  14/15      EV: 16    Int: 10    God:    Okawaru [****..]
Gold:   492        SH:  0    Dex: 17    Spells: 10/10 levels left

rFire   . . .        f - +7 arbalest "Wonius Loid" {penet, Str+5}
rCold   + + .        (shield currently unavailable)
rNeg    + . .        p - +0 acid dragon scales
rPois   inf          b - +0 helmet
rElec   +            (no cloak)
rCorr   +            (no gloves)
SInv    .            a - +0 pair of boots
Will    .....        (no amulet)
Stlth   +++          j - ring of protection from cold
HPRegen 0.32/turn    q - ring of protection from cold
MPRegen 0.14/turn

%: no passive effects
@: about to teleport, heroic
A: sickness immunity, AC +8, negative energy resistance 1, electricity
resistance, torment resistance 1, petrification resistance
a: Renounce Religion, Heroism, Finesse


You were on level 5 of the Lair of Beasts.
You worshipped Okawaru.
Okawaru was greatly pleased with you.
You visited 3 branches of the dungeon, and saw 13 of its levels.

You collected 576 gold pieces.
You spent 84 gold pieces at shops.


Innate Abilities, Weirdness & Mutations

You are immune to sickness and miasma.
Your stone body is resilient. (AC +8)
You are immune to poison.
You resist negative energy. (rN+)
You are resistant to electric shocks. (rElec)
You are resistant to unholy torment.
You are immune to petrification.


   Skills:
 - Level 10.0(15.0) Fighting
 + Level 14.2(19.2) Ranged Weapons
 - Level 5.0(10.0) Armour
 - Level 4.2(9.2) Dodging
 - Level 1.1(6.1) Stealth
 + Level 6.0 Invocations


You had 10 spell levels left.
You didn't know any spells.
Your spell library was empty.

Inventory:

Hand Weapons
 f - the +7 arbalest "Wonius Loid" (weapon) {penet, Str+5}
   (You acquired it on level 4 of the Dungeon)

   Str+5:     It affects your strength (+5).
Armour
 a - a +0 pair of boots (worn)
 b - a +0 helmet (worn)
 p - +0 acid dragon scales (worn)
Jewellery
 j - a ring of protection from cold (left hand)
 q - a ring of protection from cold (right hand)
Wands
 g - a wand of digging (5)
Scrolls
 i - a scroll of brand weapon
 l - 4 scrolls of identify
 m - 2 scrolls of teleportation
Potions
 d - a potion of might
 e - 5 potions of heal wounds
 k - a potion of haste
 n - a potion of cancellation
 o - 3 potions of curing

Dungeon Overview and Level Annotations

Branches:
Dungeon (8/15)             Temple (1/1) D:5            Lair (3/5) D:8
  Snake (0/4) Lair:2
  Swamp: Lair:2-3    Shoals: Lair:2-3

Altars:
Ashenzari
Cheibriados
Dithmenos
Elyvilon
Fedhas
Gozag
Hepliaklqana
Kikubaaqudgha
Makhleb
Nemelex Xobeh
Okawaru
Qazlal
Ru
Sif Muna
Trog
Uskayaw
Vehumet
Wu Jian
Xom
Yredelemnul
Zin
The Shining One

Shops:
D:4 ?

Annotations:
D:2 1 runed translucent door, Crazy Yiuf
D:4 2 transporters, qw's ghost, amateur GrHu


Message History

7702 |||
Found retreat position at 1,1 (wyvern; shallow_water) with 0 blocking monsters and 3 monsters attacking at destination at distance 1 You shoot a bolt.
The bolt barely misses the black mamba.
The bolt pierces through the dream sheep!
You kill the dream sheep!
Okawaru accepts your kill.
The bolt barely misses the dream sheep.
The black mamba completely misses you.
The black mamba bites you but does no damage.
The cane toad closely misses you. The wyvern completely misses you.
The snapping turtle bites you but does no damage.
Your Invocations skill increases to level 6!
7703 |||
Found retreat position at 1,1 (wyvern; shallow_water) with 0 blocking monsters and 3 monsters attacking at destination at distance 1 You shoot a bolt.
The bolt misses the black mamba.
The bolt barely misses the dream sheep.
The black mamba bites you but does no damage.
The wyvern closely misses you. The cane toad barely misses you.
The black mamba bites you. The dream sheep completely misses you.
The snapping turtle closely misses you. The dream sheep closely misses you.
The wyvern bites you. The cane toad barely misses you.
7704 |||
Found retreat position at 1,1 (wyvern; shallow_water) with 0 blocking monsters and 3 monsters attacking at destination at distance 1 You shoot a bolt.
The bolt closely misses the black mamba.
The bolt pierces through the dream sheep!
The dream sheep is severely wounded.
The black mamba completely misses you.
A black mamba comes into view.
The wyvern bites you.
The black mamba bites you but does no damage.
The dream sheep bites you.
The snapping turtle bites you from afar.
The dream sheep bites you but does no damage.
The cane toad stings you.
7705 |||
Found retreat position at 1,1 (wyvern; shallow_water) with 0 blocking monsters and 3 monsters attacking at destination at distance 1
7705 ||| READING 3 scrolls of teleportation.
As you read the scroll of teleportation, it crumbles to dust.
You feel strangely unstable. The black mamba misses you. The wyvern bites you.
The dream sheep bites you.
The snapping turtle completely misses you.
The wyvern bites you. The dream sheep bites you!
You die...

# #####. ##
.###P.#.####.#####
..................
.....S............
..................
.......Y..........
........!YY.......
...Y.#..FS@.##.#.
...~~..##Y#l#
.Y~~~~..~~~t~.
.~#~~~#~~P##~~#
..Y#~~##~~# ~~#
~~~~~ .~~~ ~~~
##~~~ .~~ ~~~ ~~~~


You could see a snapping turtle, 2 black mambas, a cane toad, a wyvern and 4
dream sheep.

Vanquished Creatures
  A two-headed ogre (D:7)
  A black mamba (Lair:1)
  2 cane toads
  Maggie (D:7)
  Jeremiah (D:7)
  3 rime drakes
  2 komodo dragons (Lair:1)
  A troll (D:8)
  2 polar bears
  9 blink frogs
  3 dream sheep (Lair:5)
  A wyvern (Lair:1)
  6 yaks (Lair:1)
  2 basilisks (Lair:2)
  2 steam dragons (D:8)
  Menkaure (D:7)
  6 water moccasins
  5 black bears
  2 ice beasts
  2 wolves (D:8)
  A centaur (D:7)
  3 phantoms
  2 kobold brigands (D:6)
  5 bullfrogs
  3 scorpions
  9 wights (D:8)
  A howler monkey (D:8)
  4 electric eels (D:8)
  15 hounds
  A jelly (D:3)
  3 orc priests
  A gnoll bouda (D:6)
  2 sleepcaps
  6 iguanas
  Natasha (thrice) (D:2)
  3 orc wizards
  Robin (D:2)
  8 adders
  3 gnolls (D:6)
  A shadow imp (D:4)
  2 white imps
  An ufetubus (D:7)
  2 worms
  19 orcs
  6 ball pythons
  7 endoplasms
  2 giant cockroaches (D:1)
  17 goblins
  6 hobgoblins
  5 jackals
  2 quokkas
  6 bats
  3 frilled lizards
  13 kobolds
  A rat (D:1)
220 creatures vanquished.

Notes
Turn   | Place    | Note
-------+----------+-------------------------------------------
     0 | D:1      | qw the Gargoyle Hunter began the quest for the Orb.
     0 | D:1      | Reached XP level 1. HP: 12/12 MP: 1/1
     0 | D:1      | 0 ||| qw: Version: 0.3-a-83-gcd0e7d8
     0 | D:1      | 0 ||| qw: Game counter: 1645
     0 | D:1      | 0 ||| qw: Melee chars always use a shield: true
     0 | D:1      | 0 ||| qw: God list: Okawaru
     0 | D:1      | 0 ||| qw: Allow faded altars: false
     0 | D:1      | 0 ||| qw: Do Orc after clearing Dungeon:15 true
     0 | D:1      | 0 ||| qw: Do second Lair branch before Depths: true
     0 | D:1      | 0 ||| qw: Lair rune preference: random
     0 | D:1      | 0 ||| qw: Goals: Normal
     0 | D:1      | 0 ||| PLANNING D:1-11
    86 | D:1      | Reached XP level 2. HP: 17/17 MP: 2/2
   147 | D:1      | 147 ||| Stepping ~*~*~tactically~*~*~ (retreating).
   148 | D:1      | 148 ||| Stepping ~*~*~tactically~*~*~ (retreating).
   149 | D:1      | 149 ||| Stepping ~*~*~tactically~*~*~ (retreating).
   611 | D:1      | 611 ||| UPGRADING to +0 ring mail.
   621 | D:1      | 621 ||| DROPPING +0 leather armour.
   622 | D:1      | 622 ||| DROPPING scroll of butterflies.
   689 | D:2      | Found a faded altar of an unknown god.
   700 | D:2      | Reached skill level 1 in Armour
   700 | D:2      | Reached XP level 3. HP: 14/21 MP: 3/3
   861 | D:2      | Noticed Natasha
   864 | D:2      | Killed Natasha
   865 | D:2      | Reached skill level 5 in Ranged Weapons
   865 | D:2      | Reached XP level 4. HP: 18/26 MP: 4/4
   941 | D:2      | 941 ||| DROPPING ring of ice.
   942 | D:2      | 942 ||| UPGRADING to ring of protection from cold.
   943 | D:2      | 943 ||| READING scroll labelled QAQOAS YRI GAMAXI.
  1089 | D:2      | Noticed Robin
  1108 | D:2      | Reached skill level 3 in Fighting
  1132 | D:2      | Killed Robin
  1134 | D:2      | HP: 5/28 [hobgoblin[Robin] (4)]
  1306 | D:2      | Noticed Natasha
  1311 | D:2      | Killed Natasha
  1312 | D:2      | Reached XP level 5. HP: 32/32 MP: 5/5
  1458 | D:2      | Noticed Natasha
  1473 | D:2      | Killed Natasha
  1474 | D:2      | Reached skill level 6 in Ranged Weapons
  1609 | D:2      | Found a runed translucent door.
  1610 | D:2      | Noticed Crazy Yiuf
  1613 | D:2      | 1613 ||| UPGRADING to +0 pair of boots.
  1618 | D:2      | 1618 ||| UPGRADING to +0 helmet.
  1623 | D:2      | 1623 ||| READING scroll labelled NIYHOE UCRIOZ.
  1624 | D:2      | 1624 ||| READING scroll labelled GIUMUF VUL ANK.
  1625 | D:2      | 1625 ||| DRINKING 4 brown potions.
  1626 | D:2      | 1626 ||| DROPPING 3 potions of degeneration.
  1693 | D:3      | Found a broken altar of Ashenzari.
  1843 | D:3      | Found the +7 Kryia's mail coat {PotionHeal*2 rC+}
  1897 | D:3      | Found a basalt altar of Yredelemnul.
  1899 | D:3      | Noticed a profane servitor
  1917 | D:3      | Found a glowing golden altar of the Shining One.
  1982 | D:3      | Found a hide-covered altar of Uskayaw.
  2104 | D:3      | 2104 ||| DRINKING 2 blue potions.
  2105 | D:3      | 2105 ||| DRINKING 2 metallic purple potions.
  2106 | D:3      | 2106 ||| DROPPING potion of brilliance.
  2109 | D:4      | Found an opulent altar of Gozag.
  2173 | D:4      | Reached XP level 6. HP: 37/38 MP: 6/6
  2203 | D:4      | Found Poukk's Magic Scroll Shop.
  2209 | D:4      | 2209 ||| BUYING scroll of identify (24 gold).
  2209 | D:4      | Bought a scroll of identify for 24 gold pieces
  2209 | D:4      | 2209 ||| BUYING scroll of identify (24 gold).
  2209 | D:4      | Bought a scroll of identify for 24 gold pieces
  2209 | D:4      | 2209 ||| BUYING scroll of teleportation (36 gold).
  2209 | D:4      | Bought a scroll of teleportation for 36 gold pieces
  2336 | D:4      | Found a transporter.
  2339 | D:4      | Noticed qw's ghost (amateur GrHu)
  2349 | D:4      | Noticed a black bear
  2350 | D:4      | 2350 ||| RETREEAATING.
  2352 | D:4      | 2352 ||| STILL RETREEAATING.
  2353 | D:4      | 2353 ||| STILL RETREEAATING.
  2354 | D:4      | 2354 ||| STILL RETREEAATING.
  2355 | D:4      | 2355 ||| STILL RETREEAATING.
  2356 | D:4      | 2356 ||| STILL RETREEAATING.
  2357 | D:4      | 2357 ||| STILL RETREEAATING.
  2393 | D:4      | Killed a black bear
  2394 | D:4      | Reached skill level 7 in Ranged Weapons
  2394 | D:4      | Reached XP level 7. HP: 12/43 MP: 7/7
  2634 | D:4      | Found a transporter.
  2714 | D:4      | 2714 ||| READING scroll labelled TUQANLA GEJIU.
  2714 | D:4      | Identified a scroll of acquirement
  2714 | D:4      | 2714 ||| ACQUIRING +7 arbalest "Wonius Loid" {penet, Str+5}
  2714 | D:4      | Acquired the +7 arbalest "Wonius Loid" {penet, Str+5}
  2716 | D:4      | 2716 ||| SWAPPING to +7 arbalest "Wonius Loid" {penet,
                  | Str+5}.
  2717 | D:4      | 2717 ||| DROPPING +0 shortbow.
  2718 | D:4      | 2718 ||| READING 2 scrolls labelled RIOLLU KOTIOKU.
  2719 | D:4      | 2719 ||| DRINKING 2 viscous yellow potions.
  2720 | D:4      | 2720 ||| READING 2 scrolls of identify.
  2720 | D:4      | 2720 ||| IDENTIFYING coppery potion
  2721 | D:4      | 2721 ||| DROPPING potion of magic.
  2722 | D:4      | 2722 ||| DROPPING scroll of vulnerability.
  2739 | D:5      | Entered Level 5 of the Dungeon
  2893 | D:5      | Found a staircase to the Ecumenical Temple.
  2894 | D:5      | 2894 ||| PLANNING TEMPLE
  2919 | Temple   | Entered the Ecumenical Temple
  2920 | Temple   | 2920 ||| PLANNING OKAWARU WORSHIP
  2929 | Temple   | Became a worshipper of Warmaster Okawaru
  2930 | Temple   | 2930 ||| PLANNING D:1-11
  3130 | D:5      | 3130 ||| RETREEAATING.
  3134 | D:5      | Reached skill level 8 in Ranged Weapons
  3171 | D:5      | Reached * piety under Okawaru
  3172 | D:5      | Reached XP level 8. HP: 49/49 MP: 8/8
  3189 | D:5      | 3189 ||| INVOKING Heroism.
  3525 | D:5      | Reached skill level 1 in Invocations
  3586 | D:5      | Found a sacrificial altar of Ru.
  3718 | D:5      | 3718 ||| READING 2 scrolls labelled KEOX PUQUO.
  3719 | D:5      | 3719 ||| READING scroll labelled XIH XONOISAA.
  3790 | D:6      | 3790 ||| INVOKING Heroism.
  3795 | D:6      | Reached skill level 9 in Ranged Weapons
  3799 | D:6      | 3799 ||| FLEEEEING.
  3800 | D:6      | 3800 ||| FLEEEEING.
  3801 | D:6      | 3801 ||| FLEEEEING.
  3802 | D:6      | 3802 ||| FLEEEEING.
  3809 | D:6      | 3809 ||| INVOKING Heroism.
  3895 | D:6      | 3895 ||| INVOKING Heroism.
  3898 | D:6      | Reached skill level 6 in Fighting
  3997 | D:6      | 3997 ||| FLEEEEING.
  3998 | D:6      | 3998 ||| FLEEEEING.
  3999 | D:6      | 3999 ||| FLEEEEING.
  4001 | D:6      | 4001 ||| FLEEEEING.
  4002 | D:6      | 4002 ||| FLEEEEING.
  4132 | D:6      | 4132 ||| INVOKING Heroism.
  4137 | D:6      | Reached XP level 9. HP: 55/55 MP: 7/10
  4205 | D:6      | Reached skill level 10 in Ranged Weapons
  4309 | D:6      | Reached skill level 3 in Armour
  4309 | D:6      | Reached skill level 3 in Invocations
  4518 | D:6      | Found a bloodstained altar of Trog.
  4525 | D:6      | Found an ancient bone altar of Kikubaaqudgha.
  4696 | D:6      | 4696 ||| READING scroll labelled VUHIOR EST.
  4697 | D:6      | 4697 ||| READING 3 scrolls of identify.
  4697 | D:6      | 4697 ||| IDENTIFYING lumpy silvery potion
  4698 | D:6      | 4698 ||| DROPPING potion of invisibility.
  4725 | D:7      | 4725 ||| INVOKING Heroism.
  4726 | D:7      | 4726 ||| STAIRDANCE
  4746 | D:7      | 4746 ||| INVOKING Heroism.
  4747 | D:7      | 4747 ||| INVOKING Heroism.
  4748 | D:7      | 4748 ||| STAIRDANCE
  4767 | D:7      | Reached skill level 3 in Dodging
  4841 | D:7      | Found a glowing silver altar of Zin.
  4893 | D:7      | Found a shadowy altar of Dithmenos.
  4906 | D:7      | Noticed Jeremiah
  4906 | D:7      | Noticed Menkaure
  4907 | D:7      | 4907 ||| RETREEAATING.
  4908 | D:7      | 4908 ||| STILL RETREEAATING.
  4911 | D:7      | 4911 ||| STILL RETREEAATING.
  4912 | D:7      | 4912 ||| INVOKING Heroism.
  4913 | D:7      | Killed Menkaure
  4918 | D:7      | Killed Jeremiah
  4950 | D:7      | Found a hazy altar of Hepliaklqana.
  5051 | D:7      | Noticed a two-headed ogre
  5052 | D:7      | 5052 ||| INVOKING Heroism.
  5056 | D:7      | Killed a two-headed ogre
  5057 | D:7      | Reached skill level 11 in Ranged Weapons
  5207 | D:7      | Noticed Maggie
  5212 | D:7      | 5212 ||| INVOKING Heroism.
  5216 | D:7      | Killed Maggie
  5217 | D:7      | Reached XP level 10. HP: 32/64 MP: 10/13
  5337 | D:7      | Found Buogris's Assorted Antiques.
  5486 | D:7      | 5486 ||| UPGRADING to +0 acid dragon scales.
  5496 | D:7      | 5496 ||| DROPPING +0 ring mail.
  5497 | D:7      | 5497 ||| READING scroll labelled MIOWUS GEOPLE.
  5498 | D:7      | 5498 ||| READING 2 scrolls of identify.
  5498 | D:7      | 5498 ||| IDENTIFYING fuming clear potion
  5524 | D:8      | Found a shimmering blue altar of Sif Muna.
  5539 | D:8      | 5539 ||| INVOKING Heroism.
  5576 | D:8      | Reached ** piety under Okawaru
  5667 | D:8      | 5667 ||| INVOKING Heroism.
  5672 | D:8      | Reached skill level 12 in Ranged Weapons
  5683 | D:8      | Found a staircase to the Lair.
  5702 | D:8      | 5702 ||| INVOKING Heroism.
  5779 | D:8      | 5779 ||| Stepping ~*~*~tactically~*~*~ (retreating).
  5785 | D:8      | 5785 ||| FLEEEEING.
  5786 | D:8      | 5786 ||| FLEEEEING.
  5787 | D:8      | 5787 ||| FLEEEEING.
  5788 | D:8      | 5788 ||| FLEEEEING.
  5789 | D:8      | 5789 ||| FLEEEEING.
  5790 | D:8      | 5790 ||| FLEEEEING.
  5791 | D:8      | 5791 ||| FLEEEEING.
  5792 | D:8      | 5792 ||| FLEEEEING.
  5793 | D:8      | 5793 ||| FLEEEEING.
  5794 | D:8      | 5794 ||| FLEEEEING.
  5795 | D:8      | 5795 ||| FLEEEEING.
  5796 | D:8      | 5796 ||| FLEEEEING.
  5797 | D:8      | 5797 ||| FLEEEEING.
  5798 | D:8      | 5798 ||| STAIRDANCE
  5820 | D:7      | 5820 ||| READING 2 scrolls of identify.
  5820 | D:7      | 5820 ||| IDENTIFYING sedimented green potion
  5821 | D:7      | 5821 ||| DROPPING potion of lignification.
  6010 | D:8      | Found a radiant altar of Vehumet.
  6067 | D:8      | 6067 ||| PLANNING LAIR
  6127 | Lair:1   | Entered Level 1 of the Lair of Beasts
  6146 | Lair:1   | Noticed a black mamba
  6147 | Lair:1   | 6147 ||| INVOKING Heroism.
  6150 | Lair:1   | 6150 ||| RETREEAATING.
  6151 | Lair:1   | 6151 ||| STILL RETREEAATING.
  6152 | Lair:1   | 6152 ||| STILL RETREEAATING.
  6153 | Lair:1   | 6153 ||| STILL RETREEAATING.
  6154 | Lair:1   | 6154 ||| Stepping ~*~*~tactically~*~*~ (retreating).
  6155 | Lair:1   | 6155 ||| Stepping ~*~*~tactically~*~*~ (retreating).
  6156 | Lair:1   | 6156 ||| Stepping ~*~*~tactically~*~*~ (retreating).
  6157 | Lair:1   | 6157 ||| Stepping ~*~*~tactically~*~*~ (retreating).
  6158 | Lair:1   | 6158 ||| Stepping ~*~*~tactically~*~*~ (retreating).
  6159 | Lair:1   | 6159 ||| STILL RETREEAATING.
  6160 | Lair:1   | 6160 ||| Stepping ~*~*~tactically~*~*~ (retreating).
  6161 | Lair:1   | 6161 ||| Stepping ~*~*~tactically~*~*~ (retreating).
  6162 | Lair:1   | 6162 ||| Stepping ~*~*~tactically~*~*~ (retreating).
  6163 | Lair:1   | 6163 ||| Stepping ~*~*~tactically~*~*~ (retreating).
  6164 | Lair:1   | 6164 ||| Stepping ~*~*~tactically~*~*~ (retreating).
  6165 | Lair:1   | 6165 ||| Stepping ~*~*~tactically~*~*~ (retreating).
  6166 | Lair:1   | 6166 ||| Stepping ~*~*~tactically~*~*~ (retreating).
  6167 | Lair:1   | 6167 ||| STILL RETREEAATING.
  6179 | Lair:1   | 6179 ||| INVOKING Heroism.
  6183 | Lair:1   | 6183 ||| RETREEAATING.
  6290 | Lair:1   | 6290 ||| RETREEAATING.
  6293 | Lair:1   | 6293 ||| Stepping ~*~*~tactically~*~*~ (retreating).
  6294 | Lair:1   | Reached *** piety under Okawaru
  6295 | Lair:1   | Reached skill level 13 in Ranged Weapons
  6353 | Lair:1   | 6353 ||| INVOKING Heroism.
  6358 | Lair:1   | Reached XP level 11. HP: 68/68 MP: 11/14
  6381 | Lair:1   | 6381 ||| INVOKING Heroism.
  6383 | Lair:1   | Reached skill level 9 in Fighting
  6523 | Lair:1   | 6523 ||| INVOKING Heroism.
  6678 | Lair:1   | 6678 ||| INVOKING Heroism.
  6786 | Lair:1   | 6786 ||| INVOKING Heroism.
  6801 | Lair:1   | Reached **** piety under Okawaru
  6926 | Lair:1   | 6926 ||| INVOKING Heroism.
  6933 | Lair:1   | Reached skill level 14 in Ranged Weapons
  7061 | Lair:1   | 7061 ||| DROPPING ring of ice.
  7062 | Lair:1   | 7062 ||| UPGRADING to ring of protection from cold.
  7063 | Lair:1   | 7063 ||| READING 2 scrolls labelled SYQYORH RAHI.
  7109 | Lair:1   | 7109 ||| DRINKING 2 fizzy blue potions.
  7110 | Lair:1   | 7110 ||| READING 2 scrolls of identify.
  7110 | Lair:1   | 7110 ||| IDENTIFYING golden potion
  7111 | Lair:1   | 7111 ||| DROPPING scroll of torment.
  7163 | Lair:2   | Found a staircase to the Snake Pit.
  7226 | Lair:2   | 7226 ||| INVOKING Heroism.
  7333 | Lair:2   | 7333 ||| Stepping ~*~*~tactically~*~*~ (retreating).
  7335 | Lair:2   | 7335 ||| Stepping ~*~*~tactically~*~*~ (retreating).
  7336 | Lair:2   | 7336 ||| INVOKING Heroism.
  7652 | Lair:2   | 7652 ||| DRINKING 2 bubbling pink potions.
  7653 | Lair:2   | 7653 ||| DROPPING potion of attraction.
  7692 | Lair:3   | You fall into a shaft and drop 2 floors!
  7692 | Lair:5   | Entered Level 5 of the Lair of Beasts
  7693 | Lair:5   | 7693 ||| RETREEAATING.
  7694 | Lair:5   | 7694 ||| STILL RETREEAATING.
  7695 | Lair:5   | 7695 ||| STILL RETREEAATING.
  7696 | Lair:5   | 7696 ||| INVOKING Heroism.
  7703 | Lair:5   | Reached skill level 6 in Invocations
  7704 | Lair:5   | HP: 18/72 [cane toad (1)]
  7705 | Lair:5   | 7705 ||| READING 3 scrolls of teleportation.
  7705 | Lair:5   | Slain by a dream sheep

Levels and vault maps discovered:
D:1:      roderic_chinese_lattice_arrival, layout_basic, minivault_19,
          hangedman_feature_mirror
D:2:      layout_basic, shapermc_ecumenical_altar_gd, minmay_surrounded,
          uniq_robin, uniq_natasha, uniq_crazy_yiuf_cottage
D:3:      layout_basic, nicolae_ashenzari_skybound, nicolae_uskayaw_dance_hall,
          grunt_temple_overflow_holy_war
D:4:      layout_rooms, mainiacjoe_overflow_boulevard,
          gammafunk_ghost_stat_death, serial_shops, nicolae_square_shop
D:5:      layout_loops_corners, lemuel_coloured_pillars_altar,
          minmay_temple_entry_glassed_door, minmay_chambers_of_fives
D:6:      layout_basic, gammafunk_temple_overflow_pools
D:7:      layout_loops_cross, grunt_dithmenos_smoke,
          mainiacjoe_overflow_chevrons, nicolae_overflow_crystal_walls,
          serial_shops, nicolae_shop_window_shopping, uniq_maggie,
          uniq_jeremiah, uniq_menkaure
D:8:      layout_basic, lemuel_round_altar,
          mainiacjoe_overflow_concentric_impassable, erik_lair_island
Temple:   chequers_temple_sunken
Lair:1:   layout_regular_city, uniq_urug
Lair:2:   layout_roguey, dummy_snake_entry
Lair:3:   layout_roguey, alex1729_swamp_entry_worm_eleionoma, basic_altar,
          minivault_19, grunt_megastairs_5
Lair:5:   gammafunk_lair_ancient_temple, layout_big_grid,
          dpeg_slime_entry_enclosed, serial_bayou_pond_d,
          infiniplex_staircase_pool_2

Skill      XL: |  1  2  3  4  5  6  7  8  9 10 11 |
---------------+----------------------------------+-----
Armour         | 1 2 3 4 5 |  5.0
Ranged Weapons | 5 6 7 8 9 11 13 14 | 14.2
Fighting       | 3 4 5 6 8 10 | 10.0
Dodging        | 2 3 4 |  4.2
Invocations    | 2 4 6 |  6.0
Stealth        | |  1.1

Action                     |  1- 3 |  4- 6 |  7- 9 | 10-12 || total
---------------------------+-------+-------+-------+-------++-------
   Fire: Shortbow          |    67 |   285 |    24 |       ||   376
         Arbalest          |       |       |   168 |   192 ||   360
 Invoke: Heroism           |       |       |    10 |    14 ||    24
    Use: Scroll            |       |     3 |     7 |     6 ||    16
         Potion            |       |     3 |     1 |     2 ||     6
 Armour: Leather armour    |    10 |       |       |       ||    10
         Ring mail         |    13 |   174 |    62 |     5 ||   254
         Acid dragon scale |       |       |       |    84 ||    84
  Dodge: Dodged            |    24 |   117 |    55 |    96 ||   292

Table legend:
 A = Non-vault XP
 B = Vault XP
 C = Vault XP percentage of total XP
 D = Non-vault monster count
 E = Vault monster count
 F = Vault count percentage of total count
                 A         B        C        D         E       F
            +---------+---------+-------+---------+---------+-------
      Total |   15163 |    1954 |  11.4 |     189 |      31 |  14.1
            +---------+---------+-------+---------+---------+-------
        D:1 |      25 |       0 |   0.0 |      15 |       0 |   0.0
        D:2 |     115 |      92 |  44.4 |      19 |      16 |  45.7
        D:3 |      69 |       0 |   0.0 |      15 |       0 |   0.0
        D:4 |     438 |       0 |   0.0 |      18 |       0 |   0.0
        D:5 |     677 |     212 |  23.8 |      19 |       5 |  20.8
        D:6 |    1155 |       0 |   0.0 |      34 |       0 |   0.0
        D:7 |    1256 |     950 |  43.1 |       9 |       3 |  25.0
        D:8 |    1816 |     700 |  27.8 |      21 |       7 |  25.0
     Lair:1 |    5475 |       0 |   0.0 |      22 |       0 |   0.0
     Lair:2 |    3390 |       0 |   0.0 |      14 |       0 |   0.0
     Lair:5 |     747 |       0 |   0.0 |       3 |       0 |   0.0
            +---------+---------+-------+---------+---------+-------
